 Dungeon Crawl Stone Soup version 0.26-a0-683-g5206c1d7ac (webtiles) character file.

Game seed: 11208664881511300766

37025 jiml777 the Eclecticist (level 13, -4/65 HPs)
             Began as a Deep Elf Air Elementalist on Oct 22, 2020.
             Was an Elder of Sif Muna.
             Succumbed to barbed spike wounds
             ... on level 6 of the Lair of Beasts on Oct 23, 2020.
             The game lasted 03:32:00 (26365 turns).

jiml777 the Eclecticist (DEAE)                     Turns: 26365, Time: 03:32:00

Health: -4/65      AC: 12    Str:  5    XL:     13   Next: 56%
Magic:  16/43      EV: 15    Int: 29    God:    Sif Muna [****..]
Gold:   1249       SH:  5    Dex: 15    Spells: 20/43 levels left

rFire    + + .     SeeInvis .   J - +7 trident of Extinguishment {drain, rF+ rC+}
rCold    + . .     Faith    .   (no shield)
rNeg     . . .     Spirit   .   o - +2 robe {rF+}
rPois    .         Reflect  +   l - +2 helmet {Int+3}
rElec    .         Harm     .   n - +0 cloak
rCorr    .         Rampage  .   a - +2 pair of gloves
MR       +....                  v - +0 pair of boots
Stlth    +++.......             d - amulet of reflection
HPRegen  0.20/turn              P - ring of magical power
MPRegen  0.28/turn              B - ring of wizardry

@: barbed spikes, studying Staves
A: wild magic 1
a: Channel Magic, Forget Spell, Divine Exegesis, Renounce Religion


You were on level 6 of the Lair of Beasts.
You worshipped Sif Muna.
Sif Muna was greatly pleased with you.
You visited 3 branches of the dungeon, and saw 18 of its levels.

You collected 1249 gold pieces.

Inventory:

Hand Weapons
 u - a +0 quick blade
 J - the +7 trident of Extinguishment (weapon) {drain, rF+ rC+}
   (You found it on level 7 of the Dungeon)

   A truly terrible weapon, it drains the life of those it strikes.
   It protects you from fire.
   It protects you from cold.
Missiles
 V - 12 silver javelins (quivered)
Armour
 a - a +2 pair of gloves (worn)
 l - a +2 helmet of intelligence (worn)
 n - a +0 cloak (worn)
 o - a +2 robe of fire resistance (worn)
 v - a +0 pair of boots (worn)
Magical Staves
 O - a cursed staff of cold
Jewellery
 d - an amulet of reflection (around neck)
 B - a ring of wizardry (right hand)
 C - an uncursed ring of poison resistance
 P - a ring of magical power (left hand)
Wands
 b - a wand of acid (24)
 i - a wand of digging (7)
 r - a wand of disintegration (14)
 H - a wand of paralysis (6)
Scrolls
 c - 5 scrolls of enchant weapon
 e - a scroll of blinking
 f - a scroll of brand weapon {unknown}
 h - a scroll of fog {unknown}
 q - 3 scrolls of amnesia
 F - 7 scrolls of remove curse
 K - 5 scrolls of teleportation
 Q - 2 scrolls of fear
Potions
 g - 2 potions of curing
 m - a potion of ambrosia {unknown}
 s - 2 potions of brilliance
 z - a potion of stabbing {unknown}
 G - 2 potions of cancellation
 N - a potion of magic
 X - a potion of mutation
 Y - a potion of haste
 Z - a potion of resistance
Books
 W - a manual of Staves
Miscellaneous
 L - a box of beasts (3/3)
 U - a condenser vane (2/2)


   Skills:
 - Level 1.3 Fighting
 - Level 1.4 Armour
 - Level 5.0 Dodging
 - Level 5.2 Stealth
   Level 0.6 Shields
 + Level 15.5 Spellcasting
 * Level 8.3 Conjurations
 * Level 8.4 Transmutations
 * Level 2.5 Fire Magic
 + Level 11.9 Air Magic
 * Level 8.0 Poison Magic
 * Level 8.4 Invocations
 * Level 2.3 Evocations


You had 20 spell levels left.
You knew the following spells:

 Your Spells              Type           Power        Failure   Level
a - Shock                 Conj/Air       ####         1%          1
b - Swiftness             Air            #######.     1%          2
c - Static Discharge      Conj/Air       #######.     1%          3
d - Airstrike             Air            #######...   1%          4
e - Spider Form           Tmut/Pois      #######...   1%          3
f - Lightning Bolt        Conj/Air       #######...   1%          5
g - Fireball              Conj/Fire      ######....   4%          5

Your spell library contained the following spells:

 Spells                   Type           Power        Failure   Level
 Beastly Appendage        Tmut           ######       1%          1
 Wereblood                Tmut           #######.     1%          2
 Ignite Poison            Fire/Tmut/Pois ######..     1%          3
 Blade Hands              Tmut           #######...   1%          5
 Ice Form                 Ice/Tmut       ######..     2%          4
 Starburst                Conj/Fire      ######....   19%         6
 Ignition                 Fire           #####.....   100%        8


Dungeon Overview and Level Annotations

Branches:
Dungeon (11/15)            Temple (1/1) D:4            Lair (6/6) D:8
  Swamp (0/4) Lair:3        Snake (0/4) Lair:3          Orc (0/2) D:10
  Slime: Lair:5-6

Altars:
Ashenzari
Cheibriados
Dithmenos
Elyvilon
Fedhas
Gozag
Hepliaklqana
Kikubaaqudgha
Makhleb
Nemelex Xobeh
Okawaru
Qazlal
Ru
Sif Muna
Trog
Uskayaw
Vehumet
Wu Jian
Xom
Yredelemnul
Zin
The Shining One

Annotations:
D:7 3 runed translucent doors, YayAnonymity's ghost, novice FoFi
Lair:6 Kirke


Innate Abilities, Weirdness & Mutations

Your spells are a little harder to cast, but a little more powerful.


Message History

The yak closely misses you.
A hog comes into view.
The yak gores you. The manticore closely misses you. The manticore claws you!
* * * LOW HITPOINT WARNING * * *
You block the manticore's attack.
Kirke shouts, "You pig!
I'll make you look the way you deserve."
Kirke mumbles some strange words.
Kirke summons a manticore!
You block the yak's attack. You block the manticore's attack.
The manticore claws you!
* * * LOW HITPOINT WARNING * * *
The manticore misses you. The hog bites you.
* * * LOW HITPOINT WARNING * * *
Kirke barely misses you.
The manticore flicks its tail.
The volley of spikes hits you!
The barbed spikes become lodged in your body.
* * * LOW HITPOINT WARNING * * *
The barbed spikes dig painfully into your body as you move.
You die...

##### ##.8.##
##H.Y÷.#
#.8÷@.8#
##.H@h.#
##.Y.##
####h#.#
#...h..#
#..h........#
#†$..#.###....#
#..#..#.. #....
.. #. ... .##.


You could see Kirke, 2 manticores, 2 yaks and 3 hogs.

Vanquished Creatures
  Harold (D:8)
  A hydra (Lair:3)
  A boulder beetle (D:11)
  A catoblepas (Lair:3)
  4 two-headed ogres
  Urug (Lair:3)
  Sonja (Lair:3)
  Nergalle (Lair:3)
  A lindwurm (Lair:3)
  Pikel (D:8)
  A manticore (D:9)
  An oklob plant (Lair:5)
  A centaur zombie (D:11)
  6 black mambas
  Maggie (D:9)
  5 torpor snails
  12 cane toads
  3 rime drakes
  A komodo dragon (Lair:1)
  A kobold demonologist (D:11)
  3 trolls (D:9)
  8 blink frogs
  4 dream sheep (Lair:5)
  Sigmund (D:6)
  40 yaks
  4 wyverns
  2 wraiths
  4 basilisks
  3 hogs
  2 nagas (Lair:3)
  A warg (D:10)
  19 water moccasins
  6 orc warriors
  9 black bears
  2 ice beasts
  4 sky beasts
  A phantom (D:7)
  9 ogres
  The ghost of Melum the Cudgeler, an amateur MiMo (D:4)
  A necrophage (D:8)
  10 wolves
  A centaur (D:5)
  2 big kobolds (D:10)
  5 bullfrogs
  A gnoll sergeant (D:7)
  A water moccasin skeleton (D:5)
  8 killer bees
  3 scorpions
  A howler monkey (D:11)
  2 bullfrog zombies
  6 hounds
  5 jellies
  4 orc priests
  A centaur skeleton (D:4)
  A gnoll shaman (D:8)
  14 orc wizards
  4 iguanas
  Natasha (thrice) (D:2)
  11 worker ants
  4 hell rats (Lair:3)
  A killer bee zombie (D:4)
  A hound skeleton (D:4)
  10 gnolls
  17 adders
  A shadow imp (D:6)
  2 white imps
  4 ufetubi
  3 oozes
  2 adder skeletons
  6 worms
  4 dart slugs
  2 leopard geckos
  54 orcs
  9 giant cockroaches
  8 goblins
  3 hobgoblins
  6 jackals
  5 quokkas
  2 ball pythons
  14 bats
  6 frilled lizards
  21 kobolds
  A leopard gecko skeleton (D:4)
  A leopard gecko zombie (D:6)
  A quokka zombie (D:4)
  8 rats
448 creatures vanquished.

Vanquished Creatures (others)
  28 fungi
  58 plants
86 creatures vanquished.

Grand Total: 534 creatures vanquished

Notes
Turn   | Place    | Note
-------+----------+-------------------------------------------
     0 | D:1      | jiml777 the Deep Elf Air Elementalist began the quest for
                  | the Orb.
     0 | D:1      | Reached XP level 1. HP: 10/10 MP: 6/6
   217 | D:1      | Reached XP level 2. HP: 15/15 MP: 6/8
   300 | D:1      | Upgraded the game from 0.26-a0-682-g294304f6e8 to
                  | 0.26-a0-683-g5206c1d7ac
   908 | D:1      | Reached XP level 3. HP: 19/19 MP: 6/10
  1441 | D:2      | Reached XP level 4. HP: 24/24 MP: 6/11
  1676 | D:2      | Reached skill level 4 in Spellcasting
  1795 | D:2      | Found a shimmering altar of Xom.
  1915 | D:2      | Noticed Natasha
  1932 | D:2      | Killed Natasha
  1932 | D:2      | Reached XP level 5. HP: 8/28 MP: 3/13
  2167 | D:2      | Found a glowing golden altar of the Shining One.
  2168 | D:2      | Noticed Natasha
  2201 | D:2      | Killed Natasha
  2201 | D:2      | Reached skill level 5 in Spellcasting
  2362 | D:2      | Found an iron altar of Okawaru.
  2612 | D:2      | Noticed Natasha
  2619 | D:2      | Killed Natasha
  3134 | D:3      | Reached XP level 6. HP: 32/32 MP: 11/16
  3335 | D:3      | Learned a level 2 spell: Swiftness
  3339 | D:3      | Learned a level 3 spell: Static Discharge
  3344 | D:3      | Learned a level 4 spell: Airstrike
  4137 | D:4      | Found a runed translucent gate.
  4138 | D:4      | Found a runed translucent gate.
  4139 | D:4      | Found a runed translucent gate.
  4152 | D:4      | Reached skill level 5 in Air Magic
  4452 | D:4      | Reached skill level 6 in Spellcasting
  4623 | D:4      | Reached XP level 7. HP: 36/36 MP: 10/18
  4684 | D:4      | Found a staircase to the Ecumenical Temple.
  4755 | Temple   | Entered the Ecumenical Temple
  4914 | D:4      | Noticed Melum's ghost (amateur MiMo)
  4961 | D:4      | Found a white marble altar of Elyvilon.
  5264 | D:4      | Killed Melum's ghost
  5518 | D:5      | Entered Level 5 of the Dungeon
  5722 | D:5      | Reached skill level 7 in Spellcasting
  5956 | D:5      | Reached XP level 8. HP: 31/42 MP: 10/20
  6084 | D:5      | Reached skill level 5 in Conjurations
  6652 | D:5      | Reached skill level 8 in Spellcasting
  7850 | D:6      | Got a glimmering ring mail
  7860 | D:6      | Identified the +5 ring mail of Huunna {Dex+6} (You found it
                  | on level 6 of the Dungeon)
  7994 | D:6      | Noticed Sigmund
  8057 | D:6      | Found a shimmering blue altar of Sif Muna.
  8068 | D:6      | Killed Sigmund
  8177 | D:6      | Became a worshipper of Sif Muna the Loreminder
  8326 | D:7      | Got an encrusted broad axe
  8356 | D:7      | Reached skill level 9 in Spellcasting
  8699 | D:7      | Found an ornate altar of the Wu Jian Council.
  8792 | D:7      | Reached XP level 9. HP: 44/46 MP: 19/24
  8804 | D:7      | Identified the +7 broad axe of Qujetz {drain, rC+ Dex+3}
                  | (You found it on level 7 of the Dungeon)
  8995 | D:7      | Found a blossoming altar of Fedhas.
  8996 | D:7      | Found an ancient bone altar of Kikubaaqudgha.
  8997 | D:7      | Found a snail-covered altar of Cheibriados.
  9001 | D:7      | Got a scorched trident
  9001 | D:7      | Identified the +7 trident of Extinguishment {drain, rF+
                  | rC+} (You found it on level 7 of the Dungeon)
  9010 | D:7      | Learned a level 3 spell: Spider Form
  9072 | D:7      | Found a runed translucent gate.
  9072 | D:7      | Found a runed translucent gate.
  9072 | D:7      | Found a runed translucent gate.
  9108 | D:7      | Noticed YayAnonymity's ghost (novice FoFi)
  9420 | D:8      | Reached skill level 1 in Fighting
  9420 | D:8      | Reached skill level 10 in Spellcasting
  9420 | D:8      | Reached skill level 1 in Poison Magic
  9636 | D:8      | Noticed a two-headed ogre
  9653 | D:8      | Killed a two-headed ogre
  9653 | D:8      | Reached skill level 1 in Armour
  9653 | D:8      | Reached skill level 5 in Dodging
  9653 | D:8      | Reached skill level 1 in Transmutations
  9653 | D:8      | Reached * piety under Sif Muna
  9965 | D:8      | Found a burning altar of Makhleb.
 10486 | D:8      | Reached skill level 1 in Invocations
 10627 | D:8      | Noticed Harold
 10644 | D:8      | Killed Harold
 10644 | D:8      | Reached skill level 11 in Spellcasting
 10644 | D:8      | Reached XP level 10. HP: 33/52 MP: 8/27
 10727 | D:8      | Noticed Pikel
 10738 | D:8      | Killed Pikel
 11026 | D:8      | Noticed a two-headed ogre
 11031 | D:8      | Killed a two-headed ogre
 11211 | D:8      | Found a staircase to the Lair.
 11588 | D:8      | You fall into a shaft and drop 3 floors!
 11765 | D:11     | Reached skill level 12 in Spellcasting
 11897 | D:10     | Entered Level 10 of the Dungeon
 11914 | D:10     | Noticed a two-headed ogre
 11938 | D:10     | Killed a two-headed ogre
 11938 | D:10     | Reached XP level 11. HP: 27/56 MP: 7/29
 12093 | D:10     | Reached ** piety under Sif Muna
 12288 | D:10     | Gained mutation: You tend to lose your temper in combat.
                  | [potion of mutation]
 12288 | D:10     | Gained mutation: You are dopey. (Int -2) [potion of
                  | mutation]
 12288 | D:10     | Gained mutation: You have an increased reservoir of magic.
                  | (+10% MP) [potion of mutation]
 12289 | D:10     | Lost mutation: You tend to lose your temper in combat.
                  | [potion of mutation]
 12289 | D:10     | Lost mutation: You have an increased reservoir of magic.
                  | (+10% MP) [potion of mutation]
 12289 | D:10     | Gained mutation: You tend to lose your temper in combat.
                  | [potion of mutation]
 12289 | D:10     | Gained mutation: You have large cloven feet. [potion of
                  | mutation]
 12289 | D:10     | Gained mutation: Armour fits poorly on your strangely
                  | shaped body. [potion of mutation]
 12289 | D:10     | Gained mutation: Your flesh is heat resistant. (rF+)
                  | [potion of mutation]
 12523 | D:10     | Reached skill level 5 in Transmutations
 12822 | D:10     | Found a staircase to the Orcish Mines.
 12823 | D:10     | Identified the +8 whip of the Mind {freeze, Str+4}
 12938 | D:10     | Reached skill level 5 in Invocations
 13107 | D:10     | Learned a level 5 spell: Lightning Bolt
 13937 | D:9      | Reached skill level 5 in Poison Magic
 14049 | D:8      | Reached *** piety under Sif Muna
 14567 | D:9      | Noticed Maggie
 14703 | D:9      | Noticed a two-headed ogre
 14716 | D:9      | Killed a two-headed ogre
 15072 | D:9      | Killed Maggie
 15072 | D:9      | Reached skill level 13 in Spellcasting
 15365 | D:9      | Found a shadowy altar of Dithmenos.
 15543 | D:9      | Found a sparkling altar of Nemelex Xobeh.
 16695 | D:11     | Noticed a boulder beetle
 16701 | D:11     | Killed a boulder beetle
 17192 | Lair:1   | Entered Level 1 of the Lair of Beasts
 17308 | Lair:1   | Reached skill level 10 in Air Magic
 17688 | Lair:1   | Identified a scroll of acquirement
 17689 | Lair:1   | Acquired a +2 helmet of intelligence
 17833 | Lair:1   | Reached XP level 12. HP: 61/61 MP: 16/31
 18640 | Lair:2   | You fall into a shaft and drop 2 floors!
 18772 | Lair:4   | Learned a level 5 spell: Fireball
 18791 | Lair:4   | Lost mutation: Your flesh is heat resistant. (rF+) [potion
                  | of mutation]
 18791 | Lair:4   | Lost mutation: You are dopey. (Int -2) [potion of mutation]
 18791 | Lair:4   | Lost mutation: Armour fits poorly on your strangely shaped
                  | body. [potion of mutation]
 18791 | Lair:4   | Gained mutation: You are weak. (Str -2) [potion of
                  | mutation]
 18791 | Lair:4   | Gained mutation: Your spells are a little harder to cast,
                  | but a little more powerful. [potion of mutation]
 19020 | Lair:4   | Got a polished shortbow
 19020 | Lair:4   | Identified the +7 shortbow "Mutores" {venom, rPois rF+ MR-
                  | Str+6} (You found it on level 4 of the Lair of Beasts)
 19100 | Lair:4   | Reached skill level 14 in Spellcasting
 19184 | Lair:3   | Reached **** piety under Sif Muna
 19592 | Lair:2   | Lost mutation: You are weak. (Str -2) [potion of mutation]
 19592 | Lair:2   | Lost mutation: You have large cloven feet. [potion of
                  | mutation]
 19592 | Lair:2   | Lost mutation: You tend to lose your temper in combat.
                  | [potion of mutation]
 19592 | Lair:2   | Gained mutation: You are weak. (Str -2) [potion of
                  | mutation]
 19592 | Lair:2   | Lost mutation: You are weak. (Str -2) [potion of mutation]
 19994 | Lair:3   | Noticed Nergalle
 20001 | Lair:3   | Killed Nergalle
 20341 | Lair:3   | Noticed an eight-headed hydra
 20341 | Lair:3   | Noticed Sonja
 20347 | Lair:3   | Killed an eight-headed hydra
 20350 | Lair:3   | Killed Sonja
 20538 | Lair:3   | Found a staircase to the Swamp.
 20654 | Lair:3   | Noticed Urug
 20661 | Lair:3   | Killed Urug
 21212 | Lair:3   | Found a staircase to the Snake Pit.
 21454 | Lair:3   | Noticed a catoblepas
 22421 | Lair:3   | Killed a catoblepas
 22421 | Lair:3   | Reached XP level 13. HP: 65/65 MP: 17/33
 22835 | Lair:3   | Reached skill level 5 in Stealth
 23183 | Lair:4   | Got an encrusted dagger
 23183 | Lair:4   | Identified the +3 dagger "Earthworm" {freeze, Str+4} (You
                  | found it on level 4 of the Lair of Beasts)
 23428 | Lair:5   | Reached skill level 15 in Spellcasting
 23741 | Lair:5   | Reached skill level 1 in Fire Magic
 23744 | Lair:5   | Reached skill level 1 in Evocations
 24443 | Lair:5   | Found a snail-covered altar of Cheibriados.
 25761 | Lair:6   | Entered Level 6 of the Lair of Beasts
 25989 | Lair:5   | HP: 3/65 [water moccasin (3)]
 26358 | Lair:6   | Noticed Kirke
 26364 | Lair:6   | HP: 2/65 [manticore/volley of spikes[Kirke] (7)]
 26365 | Lair:6   | Succumbed to barbed spike wounds

Illustrated notes

Levels and vault maps discovered:
D:1:      minmay_arrival_semitransparent, layout_basic
D:2:      layout_basic, xom_teletrap_fun, okawaru_metal_pillars_3,
          lemuel_round_altar, uniq_natasha
D:3:      wad_pebble_path, layout_loops_cross
D:4:      layout_basic, overflow_temple_1_default, minmay_temple_entry_glass,
          gammafunk_ghost_necromancy
D:5:      layout_loops_ring
D:6:      layout_rooms, old_standard_altar, uniq_sigmund
D:7:      layout_loops_ring, kennysheep_mini_moat, grunt_temple_overflow_open,
          gammafunk_ghost_necromancy
D:8:      layout_gridville, overflow_temple_1_default, minmay_lair_entry_grove,
          minivault_27, minmay_bent, uniq_harold, uniq_pikel
D:9:      layout_irregular_city, nemelex_xobeh_ov_fountains_minmay,
          nicolae_dithmenos_shadow_blocks, uniq_maggie
D:10:     layout_long_grid, david_orc_3, minmay_fractal_squares_5
D:11:     layout_irregular_city
Temple:   eino_wide_crystal_templ
Lair:1:   layout_cave_pods, chequers_serial_rivers_small_a
Lair:2:   layout_long_grid
Lair:3:   layout_chaotic_city, swamp_mist, guppyfry_snake_entry_island,
          gauntlet_entry_generic, nicolae_volcano_entry_vermiform,
          serial_bayou_pond_b, serial_bayou_pond_c, uniq_nergalle, uniq_urug,
          uniq_sonja
Lair:4:   layout_roguey
Lair:5:   layout_regular_city, kennysheep_snail_temple
Lair:6:   grunt_lair_end_beastmaster, layout_cave_pods,
          minmay_slime_entry_pillars, chequers_serial_rivers_micro_b,
          grunt_megastairs_2, uniq_kirke

Skill      XL: |  1  2  3  4  5  6  7  8  9 10 11 12 13 |
---------------+----------------------------------------+-----
Conjurations   | 2 3 4 5 6 7 8 |  8.3
Spellcasting   | 4 5 6 7 9 11 12 13 14 15 | 15.5
Stealth        | 3 4 5 |  5.2
Air Magic      | 4 5 7 8 10 11 | 11.9
Dodging        | 3 4 5 |  5.0
Fighting       | 1 |  1.3
Poison Magic   | 3 4 6 7 8 |  8.0
Armour         | 1 |  1.4
Transmutations | 3 4 6 7 8 |  8.4
Invocations    | 2 4 6 7 8 |  8.4
Fire Magic     | 2 |  2.5
Evocations     | 2 |  2.3
Shields        | |  0.6

Action                   |  1- 3 |  4- 6 |  7- 9 | 10-12 | 13-15 || total
-------------------------+-------+-------+-------+-------+-------++-------
Melee: Dagger            |       |       |     3 |       |       ||     3
       Unarmed           |       |       |       |    10 |       ||    10
       Trident           |       |       |       |     2 |     3 ||     5
 Cast: Shock             |    76 |   169 |   244 |    85 |     1 ||   575
       Swiftness         |       |       |     2 |     6 |     1 ||     9
       Airstrike         |       |       |    10 |   307 |    90 ||   407
       Lightning Bolt    |       |       |       |    44 |    22 ||    66
       Spider Form       |       |       |       |     1 |       ||     1
       Static Discharge  |       |       |       |       |     4 ||     4
Invok: Channel Magic     |       |       |       |     5 |     3 ||     8
  Use: Scroll            |       |       |    14 |    12 |       ||    26
       Potion            |       |       |     1 |    13 |     4 ||    18
Armor: Robe              |     3 |     5 |     9 |     2 |    26 ||    45
       Ring mail         |       |       |    38 |    20 |       ||    58
       Skin              |       |       |     1 |       |       ||     1
       Steam dragon scal |       |       |       |    31 |       ||    31
Dodge: Dodged            |    18 |    38 |    62 |   103 |    54 ||   275
Block: Other             |       |       |    21 |    48 |    24 ||    93
       Reflection        |       |       |     1 |     3 |     1 ||     5

Table legend: (Time is in decaauts)
 A = Elapsed time spent in this place.
 B = Non-inter-level travel time spent in this place.
 C = Inter-level travel time spent in this place.
 D = Time resting spent in this place.
 E = Time spent auto-exploring this place.
 F = Levels seen in this place.
 G = Mean time per level.
                   A        B        C        D        E       F      G
               +--------+--------+--------+--------+--------+-----+--------+
         Total |  26354 |  25487 |    867 |  11523 |   7491 |  18 | 1464.1 |
       Dungeon |  17338 |  16832 |    506 |   7352 |   4449 |  11 | 1576.2 |
        Temple |     73 |     71 |      2 |      0 |     38 |   1 |   73.0 |
          Lair |   8942 |   8585 |    357 |   4170 |   3004 |   6 | 1490.3 |
               +--------+--------+--------+--------+--------+-----+--------+

Top non-repeatable levels by time:
     D:8: 3454 daAuts
  Lair:3: 2330 daAuts
  Lair:5: 2287 daAuts
     D:5: 2225 daAuts
     D:4: 1793 daAuts
    D:10: 1723 daAuts
     D:2: 1603 daAuts
  Lair:2: 1525 daAuts
     D:9: 1512 daAuts
  Lair:4: 1385 daAuts
  Lair:1: 1376 daAuts
     D:1: 1219 daAuts
    D:11: 1132 daAuts
     D:7: 1085 daAuts
     D:3: 953 daAuts
